 Dungeon Crawl Stone Soup version 0.16.1-30-g34a7ffa (webtiles) character file.

592 Goblin1989 the Poker (level 7, -4/57 HPs)
             Began as a Centaur Gladiator on June 20, 2015.
             Was a Follower of Okawaru.
             Slain by Prince Ribbit (8 damage)
             ... on level 6 of the Dungeon.
             The game lasted 00:35:19 (7263 turns).

Goblin1989 the Poker (Centaur Gladiator)            Turns: 7263, Time: 00:35:19

Health: -4/57      AC:  7    Str: 17    XL:     7   Next: 16%
Magic:  3/5        EV: 12    Int:  7    God:    Okawaru [*.....]
Gold:   116        SH:  0    Dex: 12    Spells: 0 memorised, 6 levels left

rFire  . . .     SeeInvis .     a - +0 trident
rCold  . . .     Clarity  .     b - +0 leather armour
rNeg   . . .     SustAb   .     (no shield)
rPois  .         Gourm    .     c - +0 helmet
rElec  .         Spirit   .     o - +0 cloak
rCorr  .         Warding  .     (no gloves)
rMut   .         Stasis   .     (no barding)
MR     .....                    (no amulet)
Stlth  ++........               (no ring)
                                (no ring)

@: about to teleport, heroism, very quick, not resistant to hostile
enchantments, unstealthy
A: hooves 3, deformed body, speed 2, tough skin 3
a: Heroism, Renounce Religion


You were on level 6 of the Dungeon.
You worshipped Okawaru.
Okawaru was aware of your devotion.
You were hungry.

You visited 1 branch of the dungeon, and saw 6 of its levels.

You collected 261 gold pieces.
You spent 145 gold pieces at shops.

Inventory:

Hand weapons
 a - a +0 trident (weapon)
 i - a +0 halberd
Missiles
 t - a tomahawk of chaos (quivered)
Armour
 b - a +0 leather armour (worn)
 c - a +0 helmet (worn)
 h - a +0 ring mail
 o - a +0 cloak (worn)
Magical devices
 n - a wand of magic darts (23)
Scrolls
 e - a scroll of identify
 k - 3 scrolls of teleportation
 r - a scroll of amnesia
 v - a scroll of fear
Potions
 j - 2 potions of curing
 l - a potion of brilliance
 p - 2 potions of restore abilities
 q - 2 potions of heal wounds
Comestibles
 f - 4 bread rations
 g - 4 fruits
 m - 5 meat rations
 u - 2 chunks of flesh


   Skills:
 + Level 3.5(8.5) Fighting
 - Level 7.0(12.0) Polearms
 - Level 2.6(7.6) Throwing
 - Level 2.1(7.1) Dodging


You had 6 spell levels left.
You didn't know any spells.

Dungeon Overview and Level Annotations

Branches:
Dungeon (6/15)             Temple (0/1) D:5

Altars:
Ashenzari
Dithmenos
Fedhas
Gozag
Makhleb
Nemelex Xobeh
Okawaru
Ru
Vehumet
The Shining One

Shops:
D:5 =*

Annotations:
D:2 Sigmund
D:5 Scuka's ghost, experienced GrFi
D:6 Prince Ribbit


Innate Abilities, Weirdness & Mutations

You have hooves in place of feet.
Armour fits poorly on your strangely shaped body.
You cover ground very quickly.
You have extremely tough skin (AC +3).


Message History

Press: ? - help, Shift-Dir - straight line, f/p - Prince Ribbit
Aim: Prince Ribbit (lightly wounded)
Okay, then.
Fire/throw which item? (* to show all) (? for menu, Esc to quit)
Press: ? - help, Shift-Dir - straight line, f/p - Prince Ribbit
Aim: Prince Ribbit (lightly wounded)
You throw a throwing net.
Prince Ribbit momentarily phases out as the throwing net passes through him.
Prince Ribbit hits you!
* * * LOW HITPOINT WARNING * * *
Throwing (i - inventory. (,) - cycle):
s - a tomahawk (quivered)
Press: ? - help, Shift-Dir - straight line, f/p - Prince Ribbit
Aim: Prince Ribbit (lightly wounded)
You throw a tomahawk. The tomahawk hits Prince Ribbit.
Prince Ribbit is lightly wounded.
Prince Ribbit completely misses you.
Read which item? (? for menu, Esc to quit)
As you read the scroll of teleportation, it crumbles to dust.
You feel strangely unstable. Prince Ribbit hits you!
You die...

###.#.##.# #.# #
#.# #.# #.# #(#
#.# #)# #§# #.#
#.###(# #(..#.#
###.#F# .#@#
.#.# .#.## F#..#
### ####
.##.####_####..#
.##.##.....###.#
. #.##♣...♣# #.#
#.##.....# #.#
#.##♣...♣# #.#


You could see Prince Ribbit.

Vanquished Creatures
  3 ogres
  A gnoll shaman (D:6)
  An orc priest (D:4)
  An orc wizard (D:4)
  2 worker ants (D:4)
  Terence (D:2)
  A hound skeleton (D:5)
  4 adders
  5 gnolls
  A worker ant zombie (D:5)
  2 giant geckos
  An ooze (D:6)
  6 orcs
  10 hobgoblins
  9 jackals
  9 kobolds
  7 bats
  4 giant cockroaches
  A giant gecko skeleton (D:5)
  4 giant newts
  5 goblins
  3 quokka skeletons (D:5)
  8 rats
89 creatures vanquished.

Notes
Turn   | Place    | Note
--------------------------------------------------------------
     0 | D:1      | Goblin1989, the Centaur Gladiator, began the quest for the Orb.
     0 | D:1      | Reached XP level 1. HP: 17/17 MP: 1/1
    64 | D:1      | Reached skill level 3 in Polearms
   475 | D:1      | Reached XP level 2. HP: 24/24 MP: 2/2
  1243 | D:2      | Reached XP level 3. HP: 25/29 MP: 3/3
  1353 | D:2      | Noticed Sigmund
  1433 | D:2      | Reached skill level 4 in Polearms
  1480 | D:1      | HP: 1/29 [poisoned by an adder]
  1486 | D:1      | HP: 1/29 [poisoned by an adder]
  2068 | D:2      | Noticed Terence
  2101 | D:2      | Killed Terence
  2101 | D:2      | Reached XP level 4. HP: 9/36 MP: 3/3
  2394 | D:2      | Found a burning altar of Makhleb.
  2400 | D:2      | Found a radiant altar of Vehumet.
  2961 | D:3      | Found a sacrificial altar of Ru.
  2965 | D:3      | Found a shattered altar of Ashenzari.
  2965 | D:3      | Found a blossoming altar of Fedhas.
  2967 | D:3      | Found an opulent altar of Gozag.
  3099 | D:3      | Found a sparkling altar of Nemelex Xobeh.
  3173 | D:3      | Found an iron altar of Okawaru.
  3186 | D:3      | Became a worshipper of Warmaster Okawaru
  4254 | D:4      | Reached skill level 5 in Polearms
  4417 | D:4      | Reached XP level 5. HP: 41/41 MP: 4/4
  4897 | D:4      | Noticed a phantom
  5128 | D:5      | Entered Level 5 of the Dungeon
  5128 | D:5      | Found a staircase to the Ecumenical Temple.
  5168 | D:5      | Found a shadowy altar of Dithmenos.
  5232 | D:5      | Noticed Scuka's ghost (experienced GrFi)
  5316 | D:5      | Found Breuch's Off-Brand Ammunition.
  5331 | D:5      | Found Lehoxzes' Jewellery Shoppe.
  5344 | D:5      | Bought 5 tomahawks of chaos for 110 gold pieces
  5344 | D:5      | Bought 2 exploding javelins for 35 gold pieces
  5568 | D:4      | Reached skill level 6 in Polearms
  5700 | D:5      | Noticed an ogre
  5766 | D:5      | Killed an ogre
  5766 | D:5      | Reached XP level 6. HP: 10/48 MP: 5/5
  5966 | D:5      | Noticed an ogre
  5992 | D:4      | Killed an ogre
  5992 | D:4      | Acquired Okawaru's first power
  6392 | D:4      | Reached skill level 7 in Polearms
  6983 | D:4      | Noticed an ogre
  6993 | D:4      | Killed an ogre
  6993 | D:4      | Reached XP level 7. HP: 48/57 MP: 5/5
  7112 | D:6      | Found a glowing golden altar of the Shining One.
  7228 | D:6      | Noticed Prince Ribbit
  7263 | D:6      | Slain by Prince Ribbit

Action                   |  1- 3 |  4- 6 |  7- 9 || total
-------------------------+-------+-------+-------++-------
Melee: Trident           |    19 |   111 |    22 ||   152
       Spear             |   127 |    88 |       ||   215
Throw: Tomahawk          |     4 |    20 |     6 ||    30
       Throwing net      |       |     5 |     3 ||     8
       Javelin           |       |     2 |       ||     2
Invok: Heroism           |       |       |     1 ||     1
  Use: Potion            |     3 |     3 |       ||     6
       Scroll            |     2 |    10 |     1 ||    13
 Stab: Held in net/web   |       |     1 |     2 ||     3
  Eat: Meat ration       |     1 |       |       ||     1
       Royal jelly       |       |     1 |       ||     1
       Pizza             |       |     1 |       ||     1
       Chunk             |       |     5 |       ||     5
       Fruit             |       |     2 |       ||     2
